 Dungeon Crawl Stone Soup version 0.14-a0-1546-g4b4961f (webtiles) character file.

103 4tharraofdagon the Firebug (level 4, -11/24 HPs)
             Began as a Deep Elf Fire Elementalist on Dec 18, 2013.
             Mangled by an ogre
             ... wielding a +0,+0 giant club
              (23 damage)
             ... on Level 5 of the Dungeon.
             The game lasted 00:02:09 (347 turns).

4tharraofdagon the Firebug (DEFE)                    Turns: 347, Time: 00:02:10

HP -11/24        AC  2     Str  5      XL: 4   Next: 16%
MP  11/13        EV 12     Int 21      God:
Gold 24          SH  8     Dex 15      Spells:  2 memorised,  5 levels left

rFire  . . .     SeeInvis .     f - +1 dwarf dagger
rCold  . . .     Clarity  .     a - +0 elf robe
rNeg   . . .     Conserve .     g - +0 buckler
rPois  .         rCorr    .     (no helmet)
rElec  .         rRot     .     (no cloak)
SustAb . .       Spirit   .     (no gloves)
rMut   .         Warding  .     (no boots)
Saprov . . .     Stasis   .     (no amulet)
                                (no ring)
                                (no ring)

@: slightly resistant to hostile enchantments, fairly stealthy
A: no striking features
a: no special abilities


You were on level 5 of the Dungeon.
You were not hungry.

You visited 1 branch of the dungeon, and saw 5 of its levels.

You collected 24 gold pieces.

Inventory:

Hand weapons
 e - a +0,+0 hand axe
 f - a +1,+1 dwarven dagger (weapon)
Missiles
 j - 5 steel javelins (quivered)
Armour
 a - a +0 elven robe (worn)
 g - a +0 buckler (worn)
Comestibles
 c - a bread ration
Scrolls
 d - a scroll of remove curse {unknown}
 h - a scroll of fog {unknown}
Potions
 i - a potion of cure mutation {unknown}
Books
 b - a book of Flames

   Spells                             Type                      Level
   *Flame Tongue                      Conjuration/Fire             1
   Throw Flame                        Conjuration/Fire             2
   *Conjure Flame                     Conjuration/Fire             3
   Inner Flame                        Hexes/Fire                   3
   Sticky Flame                       Conjuration/Fire             4
   Fireball                           Conjuration/Fire             5


   Skills:
 - Level 2.4 Dodging
 - Level 2.4 Stealth
 + Level 1.0 Shields
 + Level 3.4 Spellcasting
 * Level 3.0 Conjurations
 * Level 4.1 Fire Magic


You had 5 spell levels left.
You knew the following spells:

 Your Spells              Type           Power        Failure   Level  Hunger
a - Flame Tongue          Conj/Fire      ###..        3%          1    None
b - Conjure Flame         Conj/Fire      ###.....     12%         3    ###....


Dungeon Overview and Level Annotations

Branches:
Dungeon (5/16)
 Temple: D:4-7

Altars:
Okawaru


Message History

Things that are here:
a club; a goblin corpse Drink which item? (? for menu, Esc to quit)
Okay, then.
You aren't carrying any items that can be evoked.
Unknown command.
The ogre hits you with a giant club!
Ouch! That really hurt!
Unknown command.
Found a scroll labeled CLUOGI LUVICETO.
Found a stone staircase leading down.
A bat comes into view.
You block the bat's attack.
You see here a scroll labeled CLUOGI LUVICETO.
The bat closely misses you.
You hit the bat.
The bat is heavily wounded.
The bat barely misses you. You block the bat's attack.
The ogre hits you with a giant club!
Ouch! That really hurt!
You die...

.. .. . .# ##
##############.#....
#...........>........
#.##########?#.#.###
#.# #O# #.# #@#
#.##########b#
#.............!
#...(..........
#...............
#................
#####......)..........
<....................
######............/


You could see an ogre and a bat.

Vanquished Creatures
  A giant frog skeleton (D:4)
  An iguana (D:5)
  A gnoll (D:2)
  An adder (D:2)
  A giant cockroach (D:1)
  2 goblins
  2 hobgoblins
  A kobold (D:2)
  3 bats
  A giant newt (D:1)
  A rat (D:2)
15 creatures vanquished.

Notes
Turn   | Place    | Note
--------------------------------------------------------------
     0 | D:1      | 4tharraofdagon, the Deep Elf Fire Elementalist, began the quest for the Orb.
     0 | D:1      | Reached XP level 1. HP: 10/10 MP: 5/5
    74 | D:2      | Found an iron altar of Okawaru.
   106 | D:2      | Reached XP level 2. HP: 7/15 MP: 1/8
   208 | D:3      | Reached XP level 3. HP: 15/19 MP: 5/11
   213 | D:3      | Learned a level 3 spell: Conjure Flame
   266 | D:5      | Entered Level 5 of the Dungeon
   295 | D:5      | Reached skill level 1 in Shields
   295 | D:5      | Reached skill level 4 in Fire Magic
   295 | D:5      | Reached XP level 4. HP: 24/24 MP: 4/13
   315 | D:5      | Noticed an ogre
   347 | D:5      | Mangled by an ogre

Action                   |  1- 3 |  4- 6 || total
-------------------------+-------+-------++-------
Melee: Hand axe          |     3 |       ||     3
       Dagger            |     6 |     1 ||     7
       Unarmed           |     1 |       ||     1
 Cast: Flame Tongue      |    22 |     1 ||    23
       Conjure Flame     |     2 |       ||     2
 Stab: Sleeping          |     1 |       ||     1
